[Event "Early-Titled-Tuesday-Blitz-January-23-2024"]
[Site "Chess.com"]
[Date "2024.01.23"]
[Round "11"]
[White "soloderisas"]
[Black "djano"]
[Result "0-1"]
[WhiteElo "2505"]
[BlackElo "2685"]
[TimeControl "180+1"]
[EndTime "10:07:38 PST"]
[Termination "djano won by resignation"]

1. d4 Nf6 2. Nf3 g6 3. Bf4 d6 4.
e3 c5 5. Nbd2 Bg7 6. h3 O-O 7.
c3 b6 8. Bc4 Nc6 9. O-O Bb7 10. a4 cxd4 11. exd4 Rc8 12. Re1 e6 13. Bf1 Re8 14. Nc4 Bf8 15. a5 Nxa5 16. Nxa5 bxa5 17. Qa4 Bxf3 18. gxf3 Nd5 19. Bg3 Qf6 20. Qxa5 Nf4 21. Re4 Nh5 22. Bh4 Qxf3 23. Bg2 Qd3 24. Rg4 f5 25.
Bf1 Qf3 26. Bg2 Qe2 27. Rg5 Qxb2 28. Qxa7 Qxc3 29. Ra3 Qc1+ 30. Kh2 Qf4+ 31. Rag3 Qxh4 32. Rxg6+ hxg6 33. Rxg6+ Ng7 34. d5 Qf4+ 35. Rg3 e5 36. Qd7 Rcd8 37. Qc7 Ra8 38. Bf1 Ra3 39. Qd7 Qxf2+ 40.
Rg2 Qf4+ 41. Kg1 Re7 42. Rxg7+ Kxg7 0-1

[Event "Early-Titled-Tuesday-Blitz-January-23-2024"]
[Site "Chess.com"]
[Date "2024.01.23"]
[Round "11"]
[White "FARIZA2018"]
[Black "Flawless_Fighter"]
[Result "0-1"]
[WhiteElo "2549"]
[BlackElo "2721"]
[TimeControl "180+1"]
[EndTime "10:07:39 PST"]
[Termination "Flawless_Fighter won by resignation"]

1. e4 c5 2. Nf3 Nc6 3. d4 cxd4 4.
Nxd4 Nf6 5. Nc3 e6 6. Ndb5 Bc5 7. Bf4 O-O 8. Bc7 Qe7 9. Bd6 Bxd6 10. Qxd6 Qd8 11. O-O-O a6 12. Nd4 Ne7 13. f3 b5 14.
a3 Ne8 15. Qg3 Qb6 16. e5 Bb7 17. Bd3 Rc8 18. Bxh7+ Kxh7 19. Qh4+ Kg8 20. Qxe7 d6 21. exd6 Nxd6 22. h4 Rfe8 23. Qg5 Rc5 24. Qe3 Nc4 25. Qe1 Rec8 26. Ne4 Re5 27. Qg3 Bxe4 28. fxe4 Rxe4 29. Nf3 Qe3+ 30. Kb1 Nxa3+ 31. bxa3 Qxa3 32. Rd3 Rb4+ 33. Rb3 Rxb3+ 34. cxb3 Qxb3+ 35. Ka1 Rc2 36. Qb8+ Kh7 37. Ng5+ Kg6 38. h5+ Kxg5 39. Qe5+ Kh6 40. Qf4+ Kh7 41. Qe4+ f5 0-1

[Event "Early-Titled-Tuesday-Blitz-January-23-2024"]
[Site "Chess.com"]
[Date "2024.01.23"]
[Round "11"]
[White "StankovicIvan"]
[Black "Egor_Koshulyan"]
[Result "1-0"]
[WhiteElo "2543"]
[BlackElo "2684"]
[TimeControl "180+1"]
[EndTime "10:07:40 PST"]
[Termination "StankovicIvan won by resignation"]

1. e4 c5 2. c4 Nc6 3. Nc3 g6 4. g3 Bg7 5. Bg2 e6 6. Nge2 Nge7 7. d3 O-O 8. Be3 d6 9. d4 cxd4 10. Nxd4 Bd7 11. O-O Nxd4 12. Bxd4 Bc6 13. Rc1 Qd7 14. Bxg7 Kxg7 15. Qd4+ Kg8 16. Rfd1 Rfd8 17. Qf6 Qe8 18.
Rd2 Rd7 19. Rcd1 Rad8 20. h4 h5 21. b3 Qf8 22. Qf4 Qg7 23. Qe3 b6 24. Rd3 Qe5 25.
f4 Qc5 26. Kf2 a6 27. Kg1 b5 28. cxb5 axb5 29. Kh2 b4 30. Ne2 Bb5 31. Qxc5 dxc5 32.
Rxd7 Rxd7 33. Rxd7 Bxd7 34. Kg1 Bb5 35. Kf2 c4 36.
Nd4 c3 37. Ke3 Ba6 38. Nc2 Nc6 39. e5 Ne7 40. Nxb4 Bb5 41. a4 Nf5+ 42. Kf2 Bd7 43. Be4 Nd4 44. Bc2 Bc6 45. Ke3 Nxc2+ 46. Nxc2 Bd5 47. b4 Bb3 48. Kd3 Bxa4 49. Kxc3 f6 50. Nd4 Kf7 51. b5 fxe5 52. fxe5 Ke7 53. Kb4 Bd1 54.
Ka5 Kd7 55. b6 Bg4 56. Ka6 Bh3 57. Ka7 Bf1 58. b7 1-0

[Event "Early-Titled-Tuesday-Blitz-January-23-2024"]
[Site "Chess.com"]
[Date "2024.01.23"]
[Round "11"]
[White "ErikRonka"]
[Black "Djager97"]
[Result "0-1"]
[WhiteElo "2486"]
[BlackElo "2572"]
[TimeControl "180+1"]
[EndTime "10:07:40 PST"]
[Termination "Djager97 won by checkmate"]

1. d4 Nf6 2. Nf3 d5 3. g3 e6 4.
Bg2 Be7 5. O-O O-O 6. c4 c6 7.
Nbd2 b6 8. Qc2 Bb7 9. e4 Na6 10. e5 Nd7 11. cxd5 Nb4 12. Qd1 Nxd5 13. Ne4 c5 14. h4 cxd4 15. Qxd4 Nc5 16. Neg5 h6 17. Nh3 Qc7 18. Qg4 Kh8 19. Qh5 Ba6 20. Bxh6 gxh6 21. Qxh6+ Kg8 22. Nfg5 Bd3 23. Bxd5 exd5 24.
Nf4 Qxe5 25. Rae1 Bxg5 26. hxg5 Qg7 27. Qh4 Bxf1 28. Nh5 Qg6 29. Nf6+ Kg7 30. Nh5+ Qxh5 31. Qxh5 Rh8 32. Qf3 Bd3 33. Qf6+ Kg8 34. Re7 Bg6 35.
f3 d4 36. Qxd4 Ne6 37. Qf6 Nf8 38. Re5 Rc8 39. Qf4 Rc2 40. Re3 Rhh2 41. Qf6 Rhd2 42.
Re1 Rg2+ 43. Kh1 Rh2+ 44. Kg1 Rcg2+ 45. Kf1 Bd3+ 46. Re2 Bxe2+ 47. Ke1 Bd3 48. g6 Rg1# 0-1

[Event "Early-Titled-Tuesday-Blitz-January-23-2024"]
[Site "Chess.com"]
[Date "2024.01.23"]
[Round "11"]
[White "R2D2PTY"]
[Black "jcmesafischer"]
[Result "0-1"]
[WhiteElo "2251"]
[BlackElo "2332"]
[TimeControl "180+1"]
[EndTime "10:07:40 PST"]
[Termination "jcmesafischer won by resignation"]

1. e4 c5 2. Nc3 a6 3. d4 cxd4 4. Qxd4 d6 5. b3 Nc6 6. Qd2 b5 7. Bb2 Bb7 8. O-O-O Rc8 9. Kb1 Nf6 10. f3 g6 11. Nd5 Ne5 12. Nxf6+ exf6 13. f4 Nd7 14. Bd3 Qc7 15. Nf3 Be7 16. e5 dxe5 17. fxe5 O-O 18. Bxg6 hxg6 19. Qxd7 Qxc2+ 20. Ka1 Rc7 21. Qd4 Bxf3 22. gxf3 Rd8 23. Qg1 Rcd7 24. Rc1 Qf5 25.
h4 fxe5 26. h5 Bf6 27. hxg6 fxg6 28. Rh6 Rg7 29. Rc6 Qxf3 30. Rc3 Rd1+ 31. Rc1 Rxg1 32.
Rxg1 e4 33. Bxf6 Qxf6+ 34. Kb1 e3 35. Rhh1 e2 36. Rc1 Qf5+ 37. Ka1 Rd7 38. Rc8+ Kg7 39. Rch8 Qe5+ 40. Kb1 Rd1+ 0-1

[Event "Early-Titled-Tuesday-Blitz-January-23-2024"]
[Site "Chess.com"]
[Date "2024.01.23"]
[Round "11"]
[White "Practical-Play"]
[Black "RCone"]
[Result "1-0"]
[WhiteElo "2520"]
[BlackElo "2416"]
[TimeControl "180+1"]
[EndTime "10:07:41 PST"]
[Termination "Practical-Play won by checkmate"]

1. e4 d6 2. d4 Nf6 3. Nc3 g6 4.
f4 Bg7 5. Nf3 O-O 6. Be3 Na6 7. h3 c5 8. dxc5 Nxc5 9. e5 Nfe4 10. Nxe4 Nxe4 11. Bd3 Nc5 12. Bxc5 dxc5 13. h4 Qb6 14. Rb1 Qb4+ 15. Qd2 Bg4 16. c3 Qa5 17. h5 Rad8 18. hxg6 hxg6 19. Qc2 Bxf3 20. gxf3 c4 21.
Bxc4 Qc5 22. Qh2 Qe3+ 23. Be2 Rfe8 24. f5 gxf5 25. Qh7+ Kf8 26. Qxf5 e6 27. Qe4 Qd2+ 28. Kf2 Rd5 29. Qb4+ Re7 30. Rbd1 Qg5 31. f4 Qf5 32.
Bf3 Rd3 33. Be2 Rd2 34. Rxd2 Ke8 35. Rhd1 Qxf4+ 36. Qxf4 Bxe5 37. Bb5+ Kf8 38. Qxe5 f6 39. Rd8+ Kf7 40. Qg3 e5 41. Qg8# 1-0

[Event "Early-Titled-Tuesday-Blitz-January-23-2024"]
[Site "Chess.com"]
[Date "2024.01.23"]
[Round "11"]
[White "rasmussvane"]
[Black "ChessSwole"]
[Result "1-0"]
[WhiteElo "2977"]
[BlackElo "2630"]
[TimeControl "180+1"]
[EndTime "10:07:43 PST"]
[Termination "rasmussvane won by checkmate"]

1. Nf3 g6 2. e4 Bg7 3. d4 d6 4. Bd3 Nf6 5. O-O O-O 6. c3 a6 7. Re1 b5 8. a4 c6 9. axb5 cxb5 10.
Bxb5 Bb7 11. Bd3 a5 12. Nbd2 Nbd7 13. h3 Qc7 14. Nf1 d5 15. e5 Ne4 16. N3d2 Nxd2 17. Bxd2 e6 18. Nh2 h5 19. g4 hxg4 20. Qxg4 Ba6 21.
Bc2 Rab8 22. Rab1 Nb6 23. Nf3 Nc4 24. Bc1 Qd7 25. Ng5 Rfc8 26. Qh4 a4 27. Nh7 Qc7 28. Bg5 Rxb2 29. Rxb2 Nxb2 30. Re3 a3 31. Bb1 Nd1 32. Rf3 Nxc3 33. Nf6+ Kf8 34. Bxg6 a2 35. Qh7 a1=Q+ 36. Kh2 Qxe5+ 37. dxe5 fxg6 38. Qg8+ Ke7 39. Qxg7+ Kd8 40. Qd7# 1-0

[Event "Early-Titled-Tuesday-Blitz-January-23-2024"]
[Site "Chess.com"]
[Date "2024.01.23"]
[Round "11"]
[White "Fandorine"]
[Black "Janosik"]
[Result "0-1"]
[WhiteElo "2971"]
[BlackElo "2867"]
[TimeControl "180+1"]
[EndTime "10:07:44 PST"]
[Termination "Janosik won on time"]

1. d4 d5 2. Nf3 Nf6 3. c4 e6 4. g3 Bb4+ 5. Nbd2 O-O 6. Bg2 b6 7. O-O Bb7 8. Ne5 Re8 9. Ndf3 h6 10. Qc2 Bf8 11. Rd1 c5 12. h4 Na6 13. a3 Rc8 14.
dxc5 bxc5 15. g4 Ne4 16. Nxf7 Qf6 17. N7e5 Bd6 18. cxd5 exd5 19. Qb3 Rc7 20. Rxd5 c4 21. Qa4 Rf8 22. Rb5 c3 23. Qb3+ Kh8 24. g5 hxg5 25. Bxg5 Qf5 26. Nd3 Qg4 27. Rxb7 Nac5 28.
Nxc5 Nxc5 29. Qxc3 Rxb7 30. Rd1 Ne4 31. Qd4 Bc5 32. Qd5 Bxf2+ 33. Kh1 Ng3+ 34. Kh2 Nxe2 35. Qxb7 Bg3+ 36. Kh1 Be5 37. Nxe5 Qg3 0-1

[Event "Early-Titled-Tuesday-Blitz-January-23-2024"]
[Site "Chess.com"]
[Date "2024.01.23"]
[Round "11"]
[White "M1711"]
[Black "supereagles1201"]
[Result "0-1"]
[WhiteElo "2634"]
[BlackElo "2410"]
[TimeControl "180+1"]
[EndTime "10:07:45 PST"]
[Termination "supereagles1201 won by checkmate"]

1. e4 c5 2. Nc3 Nc6 3. f4 g6 4. Nf3 Bg7 5. Bb5 Nd4 6. O-O Nxb5 7. Nxb5 d5 8. exd5 a6 9. Nc3 Nf6 10. Qe2 Nxd5 11. Ne4 b6 12. d3 Bb7 13. f5 O-O 14. fxg6 hxg6 15. Nfg5 Qd7 16. h3 f5 17. Nf2 e5 18. h4 Rae8 19. Nfh3 Nf4 20. Nxf4 exf4 21. Qd1 Bd4+ 22. Kh2 Qd5 23. Qf3 Qxf3 24. Nxf3 Re2 25. Bxf4 Rxc2 26. Rae1 Bxf3 27. Rxf3 Rxb2 28. Rg3 Kf7 29. Bd6 Bf2 30. Re7+ Kf6 31. Rf3 Rd8 32.
Be5+ Kxe7 33. Bxb2 Bd4 34. Bc1 Ke6 35. g3 b5 36. Kg2 c4 37. dxc4 bxc4 38. Bd2 Rb8 39.
Kf1 Rb2 40. Ke1 Rxa2 41. Kd1 Ke5 42. Rf1 Ke4 43. Bc1 c3 44. Rh1 Rg2 45. Re1+ Kd3 46.
Rf1 c2+ 47. Ke1 Bc3+ 48. Bd2 Bxd2# 0-1

[Event "Early-Titled-Tuesday-Blitz-January-23-2024"]
[Site "Chess.com"]
[Date "2024.01.23"]
[Round "11"]
[White "mary-sanna"]
[Black "DarZay"]
[Result "0-1"]
[WhiteElo "2191"]
[BlackElo "2263"]
[TimeControl "180+1"]
[EndTime "10:07:46 PST"]
[Termination "DarZay won on time"]

1. d4 d5 2. c4 e6 3. Nf3 Nf6 4.
g3 Be7 5. Bg2 O-O 6. O-O dxc4 7.
Qa4 a6 8. Qxc4 b5 9. Qc2 Bb7 10. Bf4 Nc6 11. Rd1 Rc8 12. Nc3 Nd5 13. Nxd5 exd5 14.
Rac1 Nb4 15. Qb1 c5 16. a3 Nc6 17. dxc5 Na5 18. b4 Nc4 19. Qd3 Nb2 20. Qb3 Nxd1 21. Rxd1 Bf6 22. Bd6 Re8 23. e3 Qd7 24. Nd4 Bxd4 25.
Rxd4 Qf5 26. Bxd5 Bxd5 27. Qxd5 Qxd5 28. Rxd5 Rc6 29. Kg2 f6 30. Rd4 a5 31. e4 Ra8 32. e5 fxe5 33. Bxe5 axb4 34. axb4 Ra4 35. Rg4 g6 36. Bc3 Rxc5 37. Rxg6+ hxg6 38. bxc5 Rc4 39. Bd2 Rxc5 40. h4 Rc2 41. Bb4 Rb2 42. Bc3 Rb3 43.
Bd4 b4 44. g4 Rd3 45. Bf6 b3 46. Kf1 Rd2 47. Ke1 b2 48. Kxd2 b1=Q 0-1

[Event "Early-Titled-Tuesday-Blitz-January-23-2024"]
[Site "Chess.com"]
[Date "2024.01.23"]
[Round "11"]
[White "Indianlad"]
[Black "grzechu96"]
[Result "1-0"]
[WhiteElo "2969"]
[BlackElo "2693"]
[TimeControl "180+1"]
[EndTime "10:07:47 PST"]
[Termination "Indianlad won on time"]

1. e4 e5 2. Nf3 Nc6 3. Bc4 Nf6 4.
d3 Bc5 5. c3 d6 6. a4 a6 7. Bg5 h6 8. Bh4 Ba7 9. Nbd2 Qe7 10. b4 g5 11. Bg3 Nd7 12. b5 Na5 13. O-O Nf8 14. d4 Ng6 15. bxa6 h5 16. axb7 Bxb7 17.
h3 Bc8 18. Be2 h4 19. Bh2 g4 20. hxg4 h3 21. g3 Bxg4 22. Re1 Qf6 23. Rb1 Kf8 24. Rb5 Nc6 25. Nxe5 dxe5 26. Bxg4 exd4 27. Rf5 Qe7 28. e5 dxc3 29. e6 f6 30. Ne4 Bd4 31. Qf3 Kg7 32.
Nxf6 Bxf6 33. Qxc6 Rhd8 34. Bxh3 Rd2 35. Qxa8 c2 36.
Qf3 Ne5 37. Rfxe5 Bxe5 38. Bf5 Bf6 39. Qg4+ Kf8 40. Bxc2 Rxc2 41. Qf4 Kg7 42. g4 c5 43. Qe4 Rb2 44. Be5 Rb4 45. Qf5 1-0

[Event "Early-Titled-Tuesday-Blitz-January-23-2024"]
[Site "Chess.com"]
[Date "2024.01.23"]
[Round "11"]
[White "LeoWin2012"]
[Black "KanalSzachowy"]
[Result "1-0"]
[WhiteElo "2227"]
[BlackElo "2344"]
[TimeControl "180+1"]
[EndTime "10:07:47 PST"]
[Termination "LeoWin2012 won by resignation"]

1. e4 c5 2. Nf3 Nc6 3. Bb5 Nf6 4.
Nc3 Qc7 5. O-O Nd4 6. Bc4 e6 7. b3 Bd6 8. Nxd4 cxd4 9. Nb5 Bxh2+ 10. Kh1 Qf4 11. g3 Qh6 12. Kg2 d5 13. Nc7+ Ke7 14.
Ba3+ Kd8 15. Nxa8 dxc4 16. Rh1 Qg6 17. Rxh2 b6 18. d3 Bb7 19. Nxb6 axb6 20. bxc4 h5 21. Rh4 Ng4 22. Qb1 Qf6 23. Qxb6+ Kc8 24. Rf1 g5 25. Bd6 Qd8 26. Qc5+ Kd7 27. Rhh1 f5 28. Qb5+ Bc6 29.
Qc5 fxe4 30. dxe4 Bxe4+ 31. f3 Ne3+ 32. Kf2 Bxf3 33. Kxf3 Rf8+ 34. Bxf8 Qf6+ 35. Ke2 Nxf1 36. Rxf1 Qe5+ 37. Qxe5 Kc6 38. Qxd4 1-0

[Event "Early-Titled-Tuesday-Blitz-January-23-2024"]
[Site "Chess.com"]
[Date "2024.01.23"]
[Round "11"]
[White "santosalberto1987"]
[Black "AlexPapasimakopoulos"]
[Result "0-1"]
[WhiteElo "2566"]
[BlackElo "2750"]
[TimeControl "180+1"]
[EndTime "10:07:48 PST"]
[Termination "AlexPapasimakopoulos won by resignation"]

1. e4 e6 2. d4 d5 3. Nc3 Bb4 4. e5 c5 5. a3 Bxc3+ 6. bxc3 Nc6 7.
Nf3 Nge7 8. a4 Qa5 9. Qd2 cxd4 10. cxd4 Qxd2+ 11. Bxd2 b6 12. a5 Nxa5 13. Bxa5 bxa5 14. Rxa5 Bd7 15. Bd3 Nc6 16. Ra3 Ke7 17. Kd2 Rhb8 18. Rha1 a5 19. Rb3 a4 20. Rxb8 Nxb8 21. c3 Nc6 22.
Ne1 Na5 23. Kc2 Rc8 24. Nf3 h6 25. Nd2 Ra8 26. Rb1 Kd8 27. Ra1 Kc7 28. Ra2 Rb8 29. Rb2 Ra8 30. Ra2 f6 31. f4 f5 32. h3 g5 33.
fxg5 hxg5 34. c4 dxc4 35. Nxc4 Bc6 36. Nxa5 Rxa5 37. Kc3 Bd5 38. Bc4 Kc6 39. Kb4 Bxc4 40. Kxc4 a3 41. g3 Ra4+ 42. Kc3 Kd5 43. h4 Rxd4 44.
hxg5 Rg4 45. Rxa3 Rxg3+ 46. Kb4 Rxa3 47. Kxa3 Kxe5 48. Kb4 f4 49. Kc3 Kf5 0-1

[Event "Early-Titled-Tuesday-Blitz-January-23-2024"]
[Site "Chess.com"]
[Date "2024.01.23"]
[Round "11"]
[White "Cheer_Down"]
[Black "alekroth65"]
[Result "0-1"]
[WhiteElo "2440"]
[BlackElo "2354"]
[TimeControl "180+1"]
[EndTime "10:07:48 PST"]
[Termination "alekroth65 won on time"]

1. e4 d6 2. d4 Nf6 3. Nc3 g6 4. Nf3 Bg7 5. Be2 O-O 6. O-O Nc6 7. d5 Nb8 8. h3 c6 9. a4 Nbd7 10. a5 Nc5 11. a6 Ncxe4 12. Nxe4 Nxe4 13. Ra4 Nc5 14. Rh4 cxd5 15. Qxd5 Be6 16. Qd1 Nxa6 17.
Ng5 Bf6 18. Nxe6 fxe6 19. Rg4 Nc5 20. b4 Nd7 21. f4 Qb6+ 22. Kh1 Bg7 23. Bd3 Nf6 24. Rh4 Rac8 25. Qe1 e5 26. fxe5 dxe5 27. Qxe5 Nh5 28. Rxf8+ Rxf8 29. Qxe7 Qf2 30. Bg5 Ng3+ 31. Kh2 Nf5 32. Bxf5 Qxf5 33. Qe4 Be5+ 0-1

[Event "Early-Titled-Tuesday-Blitz-January-23-2024"]
[Site "Chess.com"]
[Date "2024.01.23"]
[Round "11"]
[White "ViktoriyaTarasova"]
[Black "dmosesov"]
[Result "0-1"]
[WhiteElo "2296"]
[BlackElo "2581"]
[TimeControl "180+1"]
[EndTime "10:07:48 PST"]
[Termination "dmosesov won by checkmate"]

1. d4 Nf6 2. c4 c5 3. d5 e6 4.
Nc3 exd5 5. cxd5 d6 6. Nf3 g6 7. Bf4 a6 8. a4 Bg7 9. h3 O-O 10.
e3 Qe7 11. Nd2 Nbd7 12. Be2 Ne8 13. O-O f5 14. Qc2 Ne5 15. Rfe1 Bd7 16. Bh2 Rb8 17. a5 Kh8 18. Bf1 Nc7 19. Kh1 b5 20. axb6 Rxb6 21. f4 Nf7 22. Nc4 Rb4 23. e4 fxe4 24. g4 Nb5 25.
Nxe4 Nd4 26. Qg2 Qd8 27. Nexd6 Nxd6 28. Nxd6 Bxg4 29. hxg4 Qxd6 30. Rxa6 Qb8 31. Ra2 Rb3 32.
f5 Qb4 33. Re7 gxf5 34. d6 Nf3 35. gxf5 Bf6 36. Re6 Rg8 37. Qe2 Qh4 38. Rxf6 Rg1# 0-1

[Event "Early-Titled-Tuesday-Blitz-January-23-2024"]
[Site "Chess.com"]
[Date "2024.01.23"]
[Round "11"]
[White "dirk_da_player"]
[Black "anasta10"]
[Result "1-0"]
[WhiteElo "2401"]
[BlackElo "2499"]
[TimeControl "180+1"]
[EndTime "10:07:49 PST"]
[Termination "dirk_da_player won by resignation"]

1. e4 g6 2. d4 Bg7 3. Nc3 d6 4.
f4 a6 5. a4 Nf6 6. Nf3 O-O 7.
Bd3 c5 8. dxc5 dxc5 9. e5 Nd5 10. Nxd5 Qxd5 11. Qe2 Nc6 12. Be4 Qd7 13. Be3 Nd4 14. Qd2 Rd8 15. c3 Nxf3+ 16. Bxf3 Qc7 17. Qf2 f6 18.
Bxc5 fxe5 19. Bb6 Qd6 20. Rd1 Qxd1+ 21. Bxd1 Rd6 22. Bc5 Rf6 23. Bxe7 Rxf4 24. Bb3+ Kh8 25. Qe3 Bf5 26. Bd5 Re8 27. Bc5 Bh6 28. g3 Rh4 29. Qe2 Rxa4 30. O-O Bg7 31. b4 b5 32. Bc6 Rc8 33.
Rd1 h5 34. Be4 Bg4 35. Qd2 Bxd1 36. Qxd1 Ra2 37. Qd6 Rf8 38. Qxg6 Ra1+ 39. Kg2 1-0

[Event "Early-Titled-Tuesday-Blitz-January-23-2024"]
[Site "Chess.com"]
[Date "2024.01.23"]
[Round "11"]
[White "aghasiyevkamal"]
[Black "jcibarra"]
[Result "0-1"]
[WhiteElo "2636"]
[BlackElo "2842"]
[TimeControl "180+1"]
[EndTime "10:07:53 PST"]
[Termination "jcibarra won by resignation"]

1. e4 c5 2. Nf3 e6 3. g3 Nc6 4.
Bg2 Nf6 5. d3 g6 6. O-O Bg7 7.
Re1 d5 8. e5 Nd7 9. Bf4 h6 10. h4 g5 11. hxg5 hxg5 12. Bxg5 Qc7 13. c4 d4 14. Qa4 Kf8 15. Bf4 Bh6 16. Bxh6+ Rxh6 17. Nbd2 Ncxe5 18. Nxe5 Nxe5 19. Qa3 Bd7 20. Ne4 b6 21. b4 cxb4 22. Qxb4+ Kg7 23. Qd2 f5 24. Qg5+ Rg6 25. Qe7+ Nf7 26. Ng5 Rxg5 27. Bxa8 Rg6 28. Bg2 Rh6 29. Rac1 Qc8 30. c5 Bc6 31.
cxb6 Bxg2 32. Kxg2 Qh8 33. Rh1 axb6 34. Rxh6 Qxh6 35.
Rh1 Qg6 36. Qd6 Qf6 37. Qxb6 f4 38. Qc6 Ne5 39. Qf3 Nxf3 40. Kxf3 fxg3+ 41. Kxg3 Qg6+ 42. Kf3 Qxd3+ 43. Kg2 Qe4+ 0-1

[Event "Early-Titled-Tuesday-Blitz-January-23-2024"]
[Site "Chess.com"]
[Date "2024.01.23"]
[Round "11"]
[White "isaak2009"]
[Black "JoliyRoger"]
[Result "0-1"]
[WhiteElo "2640"]
[BlackElo "2509"]
[TimeControl "180+1"]
[EndTime "10:07:53 PST"]
[Termination "JoliyRoger won on time"]

1. Nf3 Nf6 2. g3 c5 3. Bg2 Nc6 4. O-O e5 5. d3 d5 6. Nbd2 h6 7. e4 d4 8. Nc4 Qc7 9. a4 Bg4 10. Qe1 g5 11. a5 Be7 12. Kh1 Rg8 13. Ng1 Nd7 14. Bh3 h5 15. Bxg4 hxg4 16. f3 gxf3 17.
Rxf3 f6 18. Bd2 O-O-O 19. Qe2 Rh8 20. Raf1 Rh7 21. R1f2 Rdh8 22. Qf1 Nf8 23. Rg2 Ne6 24. Ne2 Kb8 25. Kg1 Qd8 26. Rff2 Qd7 27. Qa1 Qd8 28. Qa2 Qd7 29. a6 b6 30. Kf1 Bd8 31. Ke1 Rh6 32. Kd1 b5 33. Na5 Bxa5 34. Bxa5 b4 35. Qa4 Kc8 36. Qb5 Nb8 37. Qc4 Qc6 38. c3 bxc3 39.
bxc3 Qxa6 40. Qxa6+ Nxa6 41. cxd4 cxd4 42. Nc1 Nec5 43.
Rc2 Kd7 44. Ra2 g4 45. Be1 Kc6 46. Rgc2 Kb6 47. Rcb2+ Kc6 48. Rc2 Kb7 49. Rcb2+ Ka8 50. Rc2 Rb8 51. Ra5 Rc8 52. Rxa6 Rxh2 0-1

[Event "Early-Titled-Tuesday-Blitz-January-23-2024"]
[Site "Chess.com"]
[Date "2024.01.23"]
[Round "11"]
[White "Kapitan_Bayan"]
[Black "ProChessWICTH"]
[Result "1-0"]
[WhiteElo "2375"]
[BlackElo "2512"]
[TimeControl "180+1"]
[EndTime "10:07:53 PST"]
[Termination "Kapitan_Bayan won by checkmate"]

1. e4 c6 2. d4 d5 3. e5 c5 4. dxc5 e6 5. Bd3 Bxc5 6. Qg4 Ne7 7. Qxg7 Rg8 8. Qxh7 Rxg2 9. Ne2 Qb6 10. Nbc3 Nbc6 11.
f4 Bb4 12. Bd2 Qf2+ 13. Kd1 Nd4 14. Qh8+ Rg8 15. Qh3 Nxe2 16. Nxe2 Qb6 17. c3 Bc5 18. Kc2 Bd7 19. b3 O-O-O 20. b4 Ba4+ 21. Kc1 Bf2 22. Qf3 Bc6 23. Rf1 Bh4 24. Qe3 Qxe3 25. Bxe3 b6 26. Nd4 Bb7 27. Kd2 Rg2+ 28. Be2 Rdg8 29. Rg1 Ba6 30.
Rxg2 Rxg2 31. Rg1 Rxh2 32. b5 Bb7 33. Rg7 Kd7 34. Rxf7 a6 35. f5 exf5 36. e6+ Ke8 37. Bf4 Rf2 38. Bd6 Bc8 39. Rh7 Bg5+ 40. Kd1 axb5 41.
Rh8+ Ng8 42. Rxg8# 1-0

[Event "Early-Titled-Tuesday-Blitz-January-23-2024"]
[Site "Chess.com"]
[Date "2024.01.23"]
[Round "11"]
[White "vasblesk"]
[Black "sergoy"]
[Result "0-1"]
[WhiteElo "2780"]
[BlackElo "3025"]
[TimeControl "180+1"]
[EndTime "10:07:54 PST"]
[Termination "sergoy won on time"]

1. d4 Nf6 2. c4 e6 3. g3 c5 4.
d5 exd5 5. cxd5 d6 6. Nc3 g6 7.
Bg2 Bg7 8. Nf3 O-O 9. O-O a6 10. a4 Re8 11. Bf4 Qc7 12. Nd2 Nh5 13. Be3 Nd7 14. Nc4 Ne5 15. Nxe5 Bxe5 16. Qd2 Bd7 17. a5 b6 18. axb6 Qxb6 19. f4 Bg7 20. Bf2 Rab8 21. Ra2 f5 22. Rfa1 a5 23. e4 fxe4 24. Nxe4 Nf6 25.
Nxf6+ Bxf6 26. Rxa5 Qxb2 27. Qxb2 Rxb2 28. Bf1 Bf5 29.
R5a2 Rxf2 30. Kxf2 Bd4+ 31. Kf3 Be4+ 32. Kg4 Bxd5 33.
Ra4 Be6+ 34. Kf3 Bd5+ 35. Kg4 Bxa1 36. Rxa1 Be4 37. Rc1 Rc8 38. Ba6 Rc7 39. h4 d5 40.
h5 Kg7 41. hxg6 hxg6 42. Be2 c4 43. Bf3 Bf5+ 44. Kg5 d4 45. g4 Bd3 46. f5 Rc5 47.
Ra1 gxf5 48. Ra7+ Kg8 49. Ra8+ Kf7 50. Ra7+ Ke8 51. Kf6 c3 52. g5 c2 53. Ke6 Bc4+ 54. Kd6 c1=Q 55. g6 Kf8 0-1

[Event "Early-Titled-Tuesday-Blitz-January-23-2024"]
[Site "Chess.com"]
[Date "2024.01.23"]
[Round "11"]
[White "GaiozNigalidze"]
[Black "s4p0ud"]
[Result "0-1"]
[WhiteElo "2689"]
[BlackElo "2546"]
[TimeControl "180+1"]
[EndTime "10:07:54 PST"]
[Termination "s4p0ud won on time"]

1. e4 c5 2. Nf3 g6 3. c3 d5 4. e5 Nc6 5. d4 c4 6. b3 cxb3 7. axb3 Bg7 8. h3 Nh6 9. Bb5 O-O 10. O-O Bd7 11. Bd3 f6 12. exf6 exf6 13. c4 Nf5 14.
Bb2 dxc4 15. bxc4 Qb6 16. Ba3 Rfe8 17. c5 Qc7 18. d5 Ne5 19. Nxe5 Qxe5 20. Nd2 Nd4 21.
Nc4 Qg5 22. Bc1 Qxd5 23. Nd6 b5 24. Nxe8 Rxe8 25. Re1 Rxe1+ 26. Qxe1 Bc6 27. Bf1 Nc2 28. Qc3 Nxa1 29. Qxa1 Qxc5 30. Be3 Qe7 31. Bxa7 f5 32. Qa2+ Kh8 33. Be3 Be5 34. Qa6 Qd6 35. Qc8+ Kg7 36. h4 Qd7 37. Qa6 f4 38. Bc5 f3 39. g3 Qd5 40.
Qa7+ Qf7 41. Qb6 Qd5 42. Be3 Bxg3 43. Qa7+ Kg8 0-1

[Event "Early-Titled-Tuesday-Blitz-January-23-2024"]
[Site "Chess.com"]
[Date "2024.01.23"]
[Round "11"]
[White "Al_Shima"]
[Black "Chernobay_Artem"]
[Result "0-1"]
[WhiteElo "2301"]
[BlackElo "2618"]
[TimeControl "180+1"]
[EndTime "10:07:57 PST"]
[Termination "Chernobay_Artem won by resignation"]

1. d4 Nf6 2. Nc3 e6 3. Bf4 d5 4. Nb5 Na6 5. e3 Be7 6. Nf3 O-O 7. Ne5 c6 8. Nc3 Nb8 9. Bd3 c5 10.
O-O Nc6 11. Re1 cxd4 12. Nxc6 bxc6 13. exd4 c5 14. dxc5 Bxc5 15. Qf3 Be7 16. Rad1 Qb6 17. Be5 Bb7 18. Qh3 g6 19. Ne2 Nd7 20. Bc3 Qc7 21.
Nd4 e5 22. Nb5 Qc6 23. Bxe5 Nxe5 24. Rxe5 Bf6 25. Ree1 Bxb2 26. Re7 Bf6 27. Ree1 Rfe8 28. Qg3 Rxe1+ 29. Rxe1 Re8 30. Rd1 d4 31. h4 h5 32.
a4 Bxh4 33. Qh3 Bf6 34. Nxa7 Qc5 35. Nb5 Qb4 36. Qg3 Kg7 37. Qf4 Re1+ 38. Rxe1 Qxe1+ 39. Kh2 Be5 40. Qxe5+ Qxe5+ 41. Kg1 Qe1+ 42. Kh2 Qxf2 0-1

[Event "Early-Titled-Tuesday-Blitz-January-23-2024"]
[Site "Chess.com"]
[Date "2024.01.23"]
[Round "11"]
[White "FairChess_on_YouTube"]
[Black "Yaacovn"]
[Result "1-0"]
[WhiteElo "3083"]
[BlackElo "2801"]
[TimeControl "180+1"]
[EndTime "10:07:58 PST"]
[Termination "FairChess_on_YouTube won on time"]

1. e4 c6 2. b3 d5 3. Bb2 dxe4 4. Nc3 Nf6 5. Nge2 Nbd7 6. Ng3 Nc5 7. Qe2 Bg4 8. Qe3 e6 9. h3 Bf5 10. d4 Ncd7 11.
Ncxe4 Bxe4 12. Nxe4 Nxe4 13. Qxe4 Qa5+ 14. c3 Ba3 15.
Qc2 Bxb2 16. Qxb2 e5 17. dxe5 Qxe5+ 18. Be2 O-O 19. O-O Nc5 20. Rad1 Rad8 21. Bf3 g6 22. Qc2 a5 23. Rfe1 Rxd1 24. Rxd1 Re8 25. b4 axb4 26.
cxb4 Ne6 27. Qd2 Ng5 28. Bg4 Ne4 29. Qd4 Nc3 30. Qxe5 Rxe5 31. Rd8+ Kg7 32. Rd7 Nxa2 33. Rxb7 Rb5 34. Rc7 Re5 35. Rb7 Rb5 36. Ra7 Nxb4 37. Be6 Kf6 38. Bxf7 Rb8 39. Bc4 h5 40. f4 Nd5 41. g3 h4 42. Kf2 hxg3+ 43. Kxg3 1-0

[Event "Early-Titled-Tuesday-Blitz-January-23-2024"]
[Site "Chess.com"]
[Date "2024.01.23"]
[Round "11"]
[White "FGHSMN"]
[Black "Boundless_Strike"]
[Result "0-1"]
[WhiteElo "2951"]
[BlackElo "2636"]
[TimeControl "180+1"]
[EndTime "10:08:00 PST"]
[Termination "Boundless_Strike won by checkmate"]

1. b3 e5 2. Bb2 d6 3. c4 f5 4. Nc3 Nf6 5. e3 Be7 6. d4 e4 7.
Nh3 O-O 8. Nf4 c6 9. h4 Na6 10. d5 c5 11. h5 Nc7 12. h6 g5 13. Nh5 Nxh5 14. Qxh5 Bf6 15. O-O-O a6 16. g4 b5 17. gxf5 Bxf5 18. Bh3 Bg6 19. Qe2 bxc4 20. Qxc4 Rb8 21. Be6+ Kh8 22. Rd2 Rb4 23. Qe2 Nb5 24. Nxb5 axb5 25. Ba3 Qa5 26. Bxb4 Qxb4 27. Rc2 Ra8 28.
Qe1 Qa3+ 29. Kd1 c4 30. Ke2 cxb3 31. axb3 Qxb3 32. Qc1 Qd3+ 33. Ke1 Be8 34. f4 Ra1 35. Kf2 Rxc1 36. Rhxc1 gxf4 37. exf4 Bh4+ 38. Kg2 Qf3+ 39. Kg1 e3 40. Rc8 Bf2+ 41. Kh2 Bg3+ 42. Kh3 Bxf4+ 43.
Kh4 Qg3# 0-1